 Dungeon Crawl Stone Soup version 0.24-a0-291-g79c1ce7 (webtiles) character file.

Game seed: 17015456028774616147

11 Mgcat the Skirmisher (level 2, -3/24 HPs)
             Began as a Mummy Monk on May 9, 2019.
             Slain by a kobold
             ... wielding a +0 short sword
              (4 damage)
             ... on level 1 of the Dungeon.
             The game lasted 00:02:07 (723 turns).

Mgcat the Skirmisher (Mummy Monk)                    Turns: 723, Time: 00:02:07

Health: -3/24      AC:  2    Str: 14    XL:     2   Next: 13%
Magic:  2/2        EV: 13    Int:  9    God:
Gold:   0          SH:  0    Dex: 14    Spells: 1/1 levels left

rFire    x . .     SeeInvis .     - Unarmed
rCold    + . .     Gourm    .   (no shield)
rNeg     + + +     Faith    .   a - +0 robe
rPois    ∞         Spirit   .   (no helmet)
rElec    .         Reflect  .   (no cloak)
rCorr    .         Harm     .   (no gloves)
MR       .....                  (no boots)
Stlth    ++........             (no amulet)
HPRegen  0.08/turn              (no ring)
MPRegen  0.08/turn              (no ring)

@: no status effects
A: no food or potions, fire vulnerability, cold resistance 1, negative energy
resistance 3, torment resistance, unbreathing
a: no special abilities


You were on level 1 of the Dungeon.
You were not hungry.

You visited 1 branch of the dungeon, and saw 2 of its levels.

Inventory:

Armour
 a - a +0 robe (worn)
Scrolls
 b - a scroll of remove curse {unknown}
 c - a scroll of magic mapping {unknown}


   Skills:
 - Level 3.0 Fighting
 - Level 2.4 Dodging
 + Level 2.4 Stealth
 - Level 2.4 Unarmed Combat


You had one spell level left.
You didn't know any spells.
Your spell library was empty.

Dungeon Overview and Level Annotations

Branches:
Dungeon (2/15)

Altars:

Annotations:
D:2 4 exclusions, Sigmund


Innate Abilities, Weirdness & Mutations

You do not eat or drink.
Your flesh is vulnerable to fire.
You are immune to poison.
Your flesh is cold resistant. (rC+)
You are immune to negative energy. (rN+++)
You are immune to unholy pain and torment.
You can survive without breathing.


Message History

Spoiler Alert: The worm can hit for moderate damage in melee!
You hit the worm.
The worm is heavily wounded.
The worm closely misses you.
You hit the worm.
The worm is heavily wounded.
The worm bites you!
You take 9 damage, and have 8/24 hp.
MASSIVE DAMAGE!!
Spoiler Alert: The worm can hit for moderate damage in melee!
You start resting.
The worm is too close now for your liking.
Lua error: [string "/dgldir/rcfiles/crawl-git/Mgcat.rc"]:930: invalid capture index Lua error: [string "/dgldir/rcfiles/crawl-git/Mgcat.rc"]:930: invalid capture index Lua error: [string "/dgldir/rcfiles/crawl-git/Mgcat.rc"]:930: invalid capture index You start resting.
HP restored.
Health restored: 24 The worm is too close now for your liking.
Spoiler Alert: The worm (wandering) can hit for moderate damage in melee!
Lua error: [string "/dgldir/rcfiles/crawl-git/Mgcat.rc"]:930: invalid capture index A worm is nearby!
Lua error: [string "/dgldir/rcfiles/crawl-git/Mgcat.rc"]:930: invalid capture index Lua error: [string "/dgldir/rcfiles/crawl-git/Mgcat.rc"]:930: invalid capture index Lua error: [string "/dgldir/rcfiles/crawl-git/Mgcat.rc"]:930: invalid capture index Spoiler Alert: The worm can hit for moderate damage in melee!
You hit the worm.
The worm is lightly wounded.
The worm bites you!
You take 8 damage, and have 16/24 hp.
MASSIVE DAMAGE!!
You barely miss the worm.
The worm is lightly wounded.
Spoiler Alert: The worm can hit for moderate damage in melee!
You hit the worm but do no damage.
The worm is lightly wounded.
The worm barely misses you.
You barely miss the worm.
The worm is lightly wounded.
You barely miss the worm.
The worm is lightly wounded.
The worm bites you.
You take 4 damage, and have 12/24 hp.
Spoiler Alert: The worm can hit for moderate damage in melee!
You start resting.
The worm is too close now for your liking.
You see here a pink potion.
A kobold comes into view.
Found a stone staircase leading up.
You start resting.
The worm is too close now for your liking.
Spoiler Alert: The worm (wandering) can hit for moderate damage in melee!
Spoiler Alert: The worm can hit for moderate damage in melee!
A kobold comes into view. It is wielding a +0 short sword.
The kobold shouts! x2; You hear a shout!
The kobold closely misses you.
You closely miss the kobold. The kobold closely misses you.
You hit the kobold but do no damage. The kobold hits you.
You take 2 damage, and have 18/24 hp.
Spoiler Alert: The worm can hit for moderate damage in melee!
You closely miss the kobold. The kobold hits you.
You take 4 damage, and have 14/24 hp.
The kobold barely misses you.
The kobold hits you with a +0 short sword.
You take 2 damage, and have 12/24 hp.
The kobold closely misses you.
Spoiler Alert: The worm can hit for moderate damage in melee!
There is a stone staircase leading up here.
The kobold closely misses you. The kobold hits you.
You climb upwards.
The hobgoblin shouts!
A rat and a kobold come into view.
The rat closely misses you. x2
There is a stone staircase leading down here.
You take 1 damage, and have 11/24 hp.
You hit the rat but do no damage. The kobold misses you.
The rat barely misses you.
A hobgoblin comes into view. It is wielding a +0 club.
The kobold misses you.
The hobgoblin shouts!
You hit the rat but do no damage. The kobold hits you but does no damage.
The rat misses you. The kobold barely misses you.
You hit the rat but do no damage.
The kobold hits you with a +0 short sword.
* * * LOW HITPOINT WARNING * * *
The rat completely misses you. The kobold hits you.
* * * LOW HITPOINT WARNING * * *
The hobgoblin misses you.
You take 8 damage, and have 4/24 hp.
MASSIVE DAMAGE!!
You barely miss the rat.
The kobold hits you with a +0 short sword.
* * * LOW HITPOINT WARNING * * *
The rat bites you.
* * * LOW HITPOINT WARNING * * *
The kobold misses you.
You take 3 damage, and have 1/24 hp.
You hit the rat.
You kill the rat!
The hobgoblin hits you but does no damage.
The kobold hits you but does no damage.
The kobold hits you with a +0 short sword.
You die...

# #. ###.##
#.....
##....K########
...g..g>@K....#
##....K######.#
#..... ###.##
#. #.. ### . #
..♣


P>P ♣. #..♣♣.♣♣.. ♣......... ♣.♣.≈≈≈.♣. You could see 2 hobgoblins and 3
kobolds.

Vanquished Creatures
  2 dart slugs
  2 goblins (D:2)
  A frilled lizard (D:2)
  A kobold (D:2)
  2 rats
8 creatures vanquished.

Notes
Turn   | Place    | Note
-------+----------+-------------------------------------------
     0 | D:1      | Mgcat the Mummy Monk began the quest for the Orb.
     0 | D:1      | Reached XP level 1. HP: 18/18 MP: 1/1
    29 | D:1      | You fall through a shaft!
    41 | D:2      | Reached skill level 2 in Stealth
    88 | D:2      | Reached XP level 2. HP: 17/24 MP: 2/2
   192 | D:2      | Noticed Sigmund
   720 | D:1      | HP: 6/24 [kobold/+0 short sword (6)]
   721 | D:1      | HP: 2/24 [kobold/+0 short sword (2)]
   723 | D:1      | Slain by a kobold

Levels and vault maps discovered:
D:1:      tarquinn_simple_flora_water_b, layout_loops_ring
D:2:      layout_loops_cross, nicolae_ru_path_of_blood, uniq_sigmund

Skill      XL: |  1 |
---------------+----+-----
Stealth        | 2 |  2.4
Fighting       | |  3.0
Dodging        | |  2.4
Unarmed Combat | |  2.4

Action                   || total
-------------------------++-------
Melee: Unarmed           ||    42
 Stab: Sleeping          ||     2
Armor: Robe              ||     4
Dodge: Dodged            ||    28

Table legend:
 A = Non-vault XP
 B = Vault XP
 C = Vault XP percentage of total XP
 D = Non-vault monster count
 E = Vault monster count
 F = Vault count percentage of total count
                 A         B        C        D         E       F
            +---------+---------+-------+---------+---------+-------
      Total |      16 |       0 |   0.0 |       8 |       0 |   0.0
            +---------+---------+-------+---------+---------+-------
        D:1 |       5 |       0 |   0.0 |       2 |       0 |   0.0
        D:2 |      11 |       0 |   0.0 |       6 |       0 |   0.0
            +---------+---------+-------+---------+---------+-------

Levels and vault maps discovered:
D:1:      tarquinn_simple_flora_water_b, layout_loops_ring
D:2:      layout_loops_cross, nicolae_ru_path_of_blood, uniq_sigmund

Table legend:
 A = Turns spent in this place as a percentage of turns spent in the entire game.
 B = Non-inter-level travel turns spent in this place as a percentage of non-inter-level travel turns spent in the entire game.
 C = Inter-level travel turns spent in this place as a percentage of turns spent in this place.
 D = Turns resting spent in this place as a percentage of non-inter-level travel turns spent in this place.
 E = Turns spent auto-exploring this place as a percentage of non-inter-level travel turns spent in this place.
 F = Non-inter-level travel turns spent in this place divided by the number of levels of this place that you've seen.
                   A       B       C       D       E      F
               +-------+-------+-------+-------+-------+----------------------
         Total | 100.0 | 100.0 |   0.0 |  57.7 |  12.2 | 361.5
       Dungeon | 100.0 | 100.0 |   0.0 |  57.7 |  12.2 | 361.5
               +-------+-------+-------+-------+-------+----------------------

Table legend:
 A = Kills in this place as a percentage of kills in entire the game.
 B = Kills by you in this place as a percentage of kills by you in the entire game.
 C = Kills by friends in this place as a percentage of kills by friends in the entire game.
 D = Other kills in this place as a percentage of other kills in the entire game.
 E = Experience gained in this place as a percentage of experience gained in the entire game.
 F = Experience gained in this place divided by the number of levels of this place that you have seen.
                   A       B       C       D       E      F
               +-------+-------+-------+-------+-------+----------------------
         Total | 100.0 | 100.0 |   N/A |   N/A | 100.0 |   8.0
       Dungeon | 100.0 | 100.0 |   N/A |   N/A | 100.0 |   8.0
               +-------+-------+-------+-------+-------+----------------------
